 Dungeon Crawl Stone Soup version 0.28.0-43-g3370ac3207 (webtiles) character file.

Game seed: 9109253352941963636

105 saw2855 the Chopper (level 4, -3/41 HPs)
             Began as a Minotaur Berserker on Mar 13, 2022.
             Was a Believer of Trog.
             Slain by a water moccasin simulacrum (8 damage)
             ... on level 3 of the Dungeon.
             The game lasted 00:10:47 (1826 turns).

saw2855 the Chopper (Minotaur Berserker)            Turns: 1826, Time: 00:10:47

Health: -3/41      AC:  8    Str: 24    XL:     4   Next: 54%
Magic:  3/3        EV:  8    Int:  4    God:    Trog [**....]
Gold:   80         SH:  0    Dex:  9    Spells: 3/3 levels left

rFire   . . .      SeeInvis .   a - +1 hand axe (vorpal)
rCold   . . .      Faith    .   (no shield)
rNeg    . . .      Spirit   .   g - +0 chain mail
rPois   .          Reflect  .   (helmet restricted)
rElec   .          Harm     .   (no cloak)
rCorr   .          Rampage  .   (no gloves)
Will    .....                   (no boots)
Stlth   ..........              (no amulet)
HPRegen 0.13/turn               (no ring)
MPRegen 0.08/turn               (no ring)

@: no status effects
A: horns 2, retaliatory headbutt
a: Renounce Religion, Berserk, Trog's Hand


You were on level 3 of the Dungeon.
You worshipped Trog.
Trog was pleased with you.
You visited 1 branch of the dungeon, and saw 3 of its levels.

You collected 80 gold pieces.

Inventory:

Hand Weapons
 a - a +1 vorpal hand axe (weapon)
 b - a +0 shortbow
Missiles
 i - 32 arrows
Armour
 g - a +0 chain mail (worn)
Scrolls
 c - 2 scrolls of fog
 e - 2 scrolls of teleportation
 j - a scroll of identify
Potions
 d - a potion of resistance
 f - 2 potions of curing {unknown}
 h - a potion of brilliance {unknown}


   Skills:
 * Level 4.8 Fighting
 * Level 5.1 Axes
 * Level 0.4 Bows
 + Level 2.7 Armour
 + Level 2.6 Dodging


You had 3 spell levels left.
You didn't know any spells.
Your spell library was empty.

Dungeon Overview and Level Annotations

Branches:
Dungeon (3/15)

Altars:

Annotations:
D:3 NoSkeletonsAllowed's ghost, amateur DrTm


Innate Abilities, Weirdness & Mutations

You have a pair of horns on your head.
You reflexively headbutt those who attack you in melee.


Message History

You kill the bat!
Trog accepts your kill.
You see here a bat corpse.
Press: ? - help, v - describe, . - travel A runed translucent gate.
You open the gate. You closely miss the adder simulacrum.
You headbutt the adder simulacrum.
The adder simulacrum is lightly damaged.
The adder simulacrum bites you but does no damage.
You slash the adder simulacrum!
The adder simulacrum vaporises!
Trog accepts your kill.
You hit the ball python simulacrum.
The ball python simulacrum vaporises!
Trog accepts your kill.
You hit the ball python simulacrum.
The ball python simulacrum vaporises!
Trog accepts your kill.
The quokka simulacrum bites you but does no damage.
You slash the quokka simulacrum!
The quokka simulacrum vaporises!
Trog accepts your kill.
The water moccasin simulacrum bites you.
The water moccasin simulacrum freezes you!
You hit the water moccasin simulacrum.
The water moccasin simulacrum is lightly damaged.
The water moccasin simulacrum bites you.
The water moccasin simulacrum freezes you!
You hit the water moccasin simulacrum.
The water moccasin simulacrum is moderately damaged.
The water moccasin simulacrum closely misses you.
You completely miss the water moccasin simulacrum.
The water moccasin simulacrum is moderately damaged.
The water moccasin simulacrum bites you.
The water moccasin simulacrum freezes you!
* * * LOW HITPOINT WARNING * * *
The water moccasin simulacrum bites you.
* * * LOW HITPOINT WARNING * * *
The water moccasin simulacrum freezes you!
You die...

###################......#
#.#... .# ######## #.###.
.# ## #< .# #. .# #########
#. .# ######### #.......#
#. .# #......... #.......#
#. .#
#..........####.......## #.
.# #............@.........#
#. .#
#......###''Z###.†.....# >#
#.....##.......##......#
.###....##.........#...##.#
........#..........##...# #
.>...#.##....####...#...#
.......#...###)?##..##..#
.##....#..##..... #..#.##
.###...#ZZ#...=.. #..#.#


You could see a water moccasin simulacrum.

Vanquished Creatures
  An orc priest (D:3)
  A worm (D:2)
  4 dart slugs
  An adder simulacrum (D:3)
  3 orcs (D:3)
  6 ball pythons
  9 bats
  4 endoplasms (D:1)
  4 giant cockroaches
  5 goblins
  3 hobgoblins
  4 jackals (D:2)
  A kobold (D:2)
  A quokka (D:3)
  2 ball python simulacra (D:3)
  5 frilled lizards
  A quokka simulacrum (D:3)
  2 rats
57 creatures vanquished.

Notes
Turn   | Place    | Note
-------+----------+-------------------------------------------
     0 | D:1      | saw2855 the Minotaur Berserker began the quest for the Orb.
     0 | D:1      | Reached XP level 1. HP: 19/19 MP: 0/0
   293 | D:1      | Reached skill level 4 in Axes
   297 | D:1      | Reached XP level 2. HP: 24/27 MP: 1/1
   654 | D:2      | Reached XP level 3. HP: 33/33 MP: 2/2
   832 | D:2      | Reached ** piety under Trog
   916 | D:2      | Found a faded altar of an unknown god.
  1467 | D:3      | Reached skill level 5 in Axes
  1467 | D:3      | Reached XP level 4. HP: 41/41 MP: 3/3
  1774 | D:3      | Noticed NoSkeletonsAllowed's ghost (amateur DrTm)
  1803 | D:3      | Found a runed translucent gate.
  1803 | D:3      | Found a runed translucent gate.
  1803 | D:3      | Found a runed translucent gate.
  1826 | D:3      | Slain by a water moccasin simulacrum

Illustrated notes

Levels and vault maps discovered:
D:1:      nzn_arrival_water_spiral, layout_basic
D:2:      layout_rooms, basic_ecumenical_altar, minmay_puff
D:3:      layout_basic, gammafunk_ghost_icy, dk_noncrumbling_4,
          amcnicky_mini_pool_small

Skill      XL: |  1  2  3 |
---------------+----------+-----
Axes           | 4 5 |  5.1
Fighting       | 4 |  4.8
Bows           | |  0.4
Armour         | |  2.7
Dodging        | |  2.6

Action                   |  1- 3 |  4- 6 || total
-------------------------+-------+-------++-------
Melee: Hand axe          |    71 |    24 ||    95
       Headbutt          |     5 |     2 ||     7
       Punch             |       |     1 ||     1
 Fire: Shortbow          |     5 |       ||     5
  Use: Scroll            |     7 |       ||     7
Armor: Animal skin       |    10 |       ||    10
       Chain mail        |    24 |     7 ||    31
Dodge: Dodged            |    44 |    10 ||    54
